 Dungeon Crawl Stone Soup version 0.23.2-1-ga50397a (webtiles) character file.

Game seed: 16060672256929216321

104 goulibeur the Skirmisher (level 4, -6/40 HPs)
             Began as a Draconian Berserker on May 21, 2019.
             Was a Believer of Trog.
             Splashed by Ijyb's acid (16 damage)
             ... on level 3 of the Dungeon.
             The game lasted 00:05:44 (1979 turns).

goulibeur the Skirmisher (Draconian Berserker)      Turns: 1979, Time: 00:05:45

Health: -6/40      AC:  6    Str: 19    XL:     4   Next: 52%
Magic:  4/4        EV: 13    Int:  7    God:    Trog [**....]
Gold:   162        SH:  0    Dex: 12    Spells: 3/3 levels left

rFire    . . .     SeeInvis .   a - +0 mace
rCold    . . .     Gourm    .   (no shield)
rNeg     . . .     Faith    .   (armour unavailable)
rPois    .         Spirit   .   (helmet restricted)
rElec    .         Reflect  .   (no cloak)
rCorr    .         Harm     .   h - +0 pair of gloves
MR       .....                  (no boots)
Stlth    +.........             (no amulet)
HPRegen  0.13/turn              (no ring)
MPRegen  0.09/turn              (no ring)

@: no status effects
A: unfitting armour, cold-blooded, AC +5
a: Berserk, Trog's Hand, Renounce Religion


You were on level 3 of the Dungeon.
You worshipped Trog.
Trog was pleased with you.
You were not hungry.

You visited 1 branch of the dungeon, and saw 3 of its levels.

You collected 162 gold pieces.

Inventory:

Hand Weapons
 a - a +0 mace (weapon)
Armour
 h - a +0 pair of gloves (worn)
Wands
 k - a wand of clouds (1)
Scrolls
 g - 2 scrolls of remove curse {unknown}
 i - a scroll of identify {unknown}
Potions
 d - 2 potions of heal wounds {unknown}
 e - a potion of lignification {unknown}
 f - a potion of degeneration {unknown}
 j - 2 potions of haste {unknown}
Comestibles
 b - 4 rations
 c - 6 chunks of flesh


   Skills:
 + Level 4.1 Fighting
 + Level 3.7 Maces & Flails
 + Level 1.6 Throwing
 + Level 3.3 Dodging


You had 3 spell levels left.
You didn't know any spells.
Your spell library was empty.

Dungeon Overview and Level Annotations

Branches:
Dungeon (3/15)

Altars:
Fedhas
Kikubaaqudgha
Sif Muna
Vehumet

Annotations:
D:3 Ijyb


Innate Abilities, Weirdness & Mutations

Your plain brown scales are hard. (AC +5)
You cannot fit into any form of body armour.
You are cold-blooded and may be slowed by cold attacks.


Message History

What level of the Dungeon? (default 1, ? - help)
There is a stone staircase leading down here.
You climb downwards.
A giant cockroach and a goblin come into view.
The goblin shouts!
Found a scroll labeled FUIDYA KIYFF.
There is a stone staircase leading up here.
Ijyb the Twisted Goblin comes into view.
She is carrying a wand of acid (4).
Ijyb zaps a wand.
The bolt of acid misses you.
You closely miss the giant cockroach.
The giant cockroach bites you but does no damage. x2
You closely miss the giant cockroach.
Ijyb zaps a wand.
The bolt of acid hits you!
You are splashed with acid!
The giant cockroach misses you.
You hit the giant cockroach but do no damage.
The giant cockroach completely misses you.
Ijyb zaps a wand.
The bolt of acid hits you!
* * * LOW HITPOINT WARNING * * *
You are splashed with acid!
You die...

.## .. ..## #.#.
..# #....
#.#####...##
#g#.........
#....g......
#####...........
#...s@..<.......
#?.#####........
# #........
#........
#........
#........
#........
#########


You could see Ijyb, a giant cockroach and a goblin.

Vanquished Creatures
  Jessica (D:2)
  An adder (D:2)
  2 worms (D:2)
  2 dart slugs (D:1)
  4 leopard geckos
  2 ball pythons
  4 giant cockroaches
  6 goblins
  5 hobgoblins
  3 jackals (D:2)
  7 kobolds
  A quokka (D:2)
  9 bats
  4 frilled lizards
  3 rats
54 creatures vanquished.

Notes
Turn   | Place    | Note
-------+----------+-------------------------------------------
     0 | D:1      | goulibeur the Draconian Berserker began the quest for the
                  | Orb.
     0 | D:1      | Reached XP level 1. HP: 19/19 MP: 1/1
    98 | D:1      | Reached XP level 2. HP: 18/26 MP: 2/2
   428 | D:1      | Reached skill level 1 in Throwing
   541 | D:1      | Reached XP level 3. HP: 33/33 MP: 3/3
   672 | D:1      | Reached ** piety under Trog
  1201 | D:2      | Found a faded altar of an unknown god.
  1451 | D:2      | Reached XP level 4. HP: 35/40 MP: 4/4
  1527 | D:2      | Noticed Jessica
  1536 | D:2      | Killed Jessica
  1536 | D:2      | Reached skill level 4 in Fighting
  1666 | D:2      | Found an ancient bone altar of Kikubaaqudgha.
  1672 | D:2      | Found a deep blue altar of Sif Muna.
  1674 | D:2      | Found a radiant altar of Vehumet.
  1775 | D:2      | Found a blossoming altar of Fedhas.
  1974 | D:3      | Noticed Ijyb
  1979 | D:3      | Splashed by Ijyb's acid

Skill      XL: |  1  2  3  4 |
---------------+-------------+-----
Throwing       | 1 |  1.6
Dodging        | 3 |  3.3
Fighting       | 4 |  4.1
Maces & Flails | |  3.7

Action                   |  1- 3 |  4- 6 || total
-------------------------+-------+-------++-------
Melee: Mace              |   146 |    22 ||   168
       Tailslap          |    16 |     4 ||    20
  Eat: Chunk             |     2 |     2 ||     4
Armor: Skin              |    61 |     6 ||    67
Dodge: Dodged            |   136 |    12 ||   148
